 Dungeon Crawl Stone Soup version 0.23-a0-208-gb6b040f (webtiles) character file.

53 Dead the Chopper (level 3, -5/29 HPs)
             Began as a Demonspawn Berserker on Sept 25, 2018.
             Was a Follower of Trog.
             Slain by a worm (8 damage)
             ... on level 2 of the Dungeon.
             The game lasted 00:01:30 (1973 turns).

Dead the Chopper (Demonspawn Berserker)             Turns: 1973, Time: 00:01:31

Health: -5/29      AC:  2    Str: 17    XL:     3   Next: 62%
Magic:  3/3        EV: 12    Int:  8    God:    Trog [*.....]
Gold:   59         SH:  0    Dex: 13    Spells: 2/2 levels left

rFire    . . .     SeeInvis .   a - +0 hand axe
rCold    . . .     Gourm    .   (no shield)
rNeg     . . .     Faith    .   b - +0 animal skin
rPois    .         Spirit   .   (no helmet)
rElec    .         Reflect  .   (no cloak)
rCorr    .         Harm     .   (no gloves)
MR       .....                  (no boots)
Stlth    +.........             (no amulet)
HPRegen  0.09/turn              (no ring)
MPRegen  0.08/turn              (no ring)

@: no status effects
A: demonic guardian 1
a: Berserk, Renounce Religion


You were on level 2 of the Dungeon.
You worshipped Trog.
Trog was aware of your devotion.
You were not hungry.

You visited 1 branch of the dungeon, and saw 2 of its levels.

You collected 59 gold pieces.

Inventory:

Hand Weapons
 a - a +0 hand axe (weapon)
Armour
 b - a +0 animal skin (worn)
Jewellery
 d - a +4 ring of intelligence {unknown}
Scrolls
 e - a scroll of fog {unknown}
 g - a scroll of identify {unknown}
 h - a scroll of remove curse {unknown}
 j - a scroll of enchant weapon {unknown}
 k - a scroll of fear {unknown}
 l - a scroll of blinking {unknown}
 p - a scroll of immolation {unknown}
Potions
 f - a potion of heal wounds {unknown}
 i - a potion of mutation {unknown}
 m - a potion of haste {unknown}
 n - a potion of brilliance {unknown}
 o - a potion of cancellation {unknown}
Comestibles
 c - 2 rations


   Skills:
 + Level 3.2 Fighting
 * Level 4.1 Axes
 - Level 1.7 Armour
 - Level 1.7 Dodging


You had 2 spell levels left.
You didn't know any spells.
Your spell library was empty.

Dungeon Overview and Level Annotations

Branches:
Dungeon (2/15)

Altars:
Trog


Innate Abilities, Weirdness & Mutations

A weak demonic guardian rushes to your aid.


Message History

A worm is nearby!
Found a leather armour and a dagger.
A worm is nearby!
You slash the worm!
The worm is moderately wounded.
The worm bites you!
You hit the worm.
The worm is heavily wounded.
The worm bites you.
You are too injured to fight recklessly!
You barely miss the worm.
The worm is heavily wounded.
You hit the worm.
The worm is severely wounded.
The worm bites you!
* * * LOW HITPOINT WARNING * * *
You hit the worm.
The worm is severely wounded.
The worm bites you!
You die...

.##. # ..#..##
....... ..#..
<... # <.#).#
########w[...#
.......@#
#######.# #.#
#)# #.# #.#
#.# #######.#
#..)....#


You could see a worm.

Vanquished Creatures
  2 adders (D:2)
  A gnoll (D:1)
  A dart slug (D:1)
  A leopard gecko (D:1)
  A bat (D:1)
  2 goblins (D:1)
  4 hobgoblins (D:1)
  6 kobolds
  2 frilled lizards (D:1)
  4 rats
24 creatures vanquished.

Notes
Turn   | Place    | Note
-------+----------+-------------------------------------------
     0 | D:1      | Dead the Demonspawn Berserker began the quest for the Orb.
     0 | D:1      | Reached XP level 1. HP: 18/18 MP: 1/1
    21 | D:1      | Reached skill level 3 in Axes
   201 | D:1      | Gained mutation: A weak demonic guardian rushes to your
                  | aid. [demonic ancestry]
   201 | D:1      | Reached XP level 2. HP: 8/24 MP: 2/2
  1035 | D:1      | Reached XP level 3. HP: 18/29 MP: 3/3
  1701 | D:2      | Reached skill level 4 in Axes
  1748 | D:2      | Found a bloodstained altar of Trog.
  1973 | D:2      | Slain by a worm

Vault maps used:
D:1:      onia_arrival_mini_spirals, minivault_25
D:2:      lemuel_coloured_pillars_altar, old_standard_altar, first_ration,
          chequers_ecumenical_altar_simple

Skill      XL: |  1  2  3 |
---------------+----------+-----
Axes           | 3 4 |  4.1
Fighting       | |  3.2
Armour         | |  1.7
Dodging        | |  1.7

Action                   || total
-------------------------++-------
Melee: Hand axe          ||    96
 Stab: Sleeping          ||     1
  Eat: Chunk             ||     3
Armor: Animal skin       ||     6
Dodge: Dodged            ||    54

Table legend:
 A = Non-vault XP
 B = Vault XP
 C = Vault XP percentage of total XP
 D = Non-vault monster count
 E = Vault monster count
 F = Vault count percentage of total count
                 A         B        C        D         E       F
            +---------+---------+-------+---------+---------+-------
      Total |      76 |       0 |   0.0 |      24 |       0 |   0.0
            +---------+---------+-------+---------+---------+-------
        D:1 |      46 |       0 |   0.0 |      19 |       0 |   0.0
        D:2 |      30 |       0 |   0.0 |       5 |       0 |   0.0
            +---------+---------+-------+---------+---------+-------
